 Dungeon Crawl Stone Soup version 0.30.0-29-ga12c61a403 (webtiles) character file.

Game seed: 11826171547712548408

826 Sabo the Trooper (level 7, 0/44 HPs)
             Began as a Gargoyle Monk on June 18, 2023.
             Slain by a gnoll sergeant
             ... wielding a +0 spear
              (11 damage)
             ... on level 5 of the Dungeon.
             The game lasted 00:22:18 (4643 turns).

Sabo the Trooper (Gargoyle Monk)                    Turns: 4643, Time: 00:22:19

Health: 0/44       AC: 16    Str: 17    XL:     7   Next: 96%
Magic:  7/7        EV: 12    Int: 10    God:
Gold:   552        SH:  5    Dex: 18    Spells: 6/6 levels left

rFire   . . .        j - +2 spear (venom)
rCold   . . .        d - orb {light}
rNeg    + . .        k - +1 ring mail {Will+}
rPois   ∞            s - +1 helmet
rElec   +            (no cloak)
rCorr   .            b - +0 pair of gloves
SInv    .            u - +0 pair of boots
Will    +....        o - amulet of reflection
Stlth   +            f - +6 ring of dexterity
HPRegen 0.27/turn    (no ring)
MPRegen 0.10/turn

%: reflection
@: glowing
A: sickness immunity, AC +4, negative energy resistance 1, electricity
resistance, torment resistance 1, petrification resistance
a: no special abilities


You were on level 5 of the Dungeon.
You visited 1 branch of the dungeon, and saw 5 of its levels.

You collected 576 gold pieces.
You spent 24 gold pieces at shops.

Inventory:

Hand Weapons
 g - a +0 sling
 h - a +1 short sword of venom
 j - a +2 spear of venom (weapon)
 q - a +0 war axe
Missiles
 t - 4 boomerangs (quivered)
Armour
 b - a +0 pair of gloves (worn)
 d - an orb of light (worn)
 k - a +1 ring mail of willpower (worn)
 s - a +1 helmet (worn)
 u - a +0 pair of boots (worn)
Jewellery
 f - a +6 ring of dexterity (left hand)
 o - an amulet of reflection (around neck)
Wands
 n - a wand of paralysis (8)
Scrolls
 a - a scroll of fear {unknown}
 c - a scroll of poison
 e - 3 scrolls of teleportation
 l - a scroll of enchant armour {unknown}
Potions
 i - 2 potions of haste
 m - a potion of heal wounds
 p - 2 potions of curing
 r - a potion of lignification {unknown}


   Skills:
 + Level 4.8 Fighting
 + Level 0.5 Short Blades
 + Level 2.9(4.2) Axes
 + Level 4.6(5.1) Polearms
 + Level 3.9 Armour
 + Level 3.3 Dodging
 + Level 1.2 Stealth
 + Level 2.8 Shields


You had 6 spell levels left.
You didn't know any spells.
Your spell library contained the following spells:

 Spells                   Type           Power      Damage    Failure   Level
 Static Discharge         Conj/Air       0%         2-2/arc   69%         2
 Dazzling Flash           Conj/Hex       0%         N/A       89%         3
 Hailstorm                Conj/Ice       0%         3d3       89%         3
 Volatile Blastmotes      Fire/Tloc      0%         2d10      89%         3
 Airstrike                Air            0%         2d(0-16)  100%        4
 Ice Form                 Ice/Tmut       0%         N/A       100%        4
 Iskenderun's Mystic Bla  Conj/Tloc      0%         2d3       100%        4
 Summon Lightning Spire   Summ/Air       0%         N/A       100%        4
 Simulacrum               Ice/Necr       0%         N/A       100%        6
 Starburst                Conj/Fire      0%         6d3       100%        6


Dungeon Overview and Level Annotations

Branches:
Dungeon (5/15)
 Temple: D:4-7

Altars:
Trog

Shops:
D:3 ?!*


Innate Abilities, Weirdness & Mutations

You are immune to sickness and miasma.
Your stone body is resilient. (AC +4)
You are immune to poison.
You resist negative energy. (rN+)
You are resistant to electric shocks. (rElec)
You are resistant to unholy torment.
You are immune to petrification.


Message History

The phantom is almost destroyed.
The phantom misses you. The sleepcap barely misses you.
The orc barely misses you. The gnoll sergeant barely misses you.
You hit the phantom.
You destroy the phantom!
The sleepcap misses you. The orc barely misses you.
The gnoll sergeant hits you from afar with a +0 spear!
You hit the sleepcap.
The sleepcap is lightly damaged.
You block the orc's attack. The sleepcap misses you.
The gnoll sergeant hits you from afar with a +0 spear!
* * * LOW HITPOINT WARNING * * *
You hit the sleepcap but do no damage.
The sleepcap is lightly damaged.
The sleepcap barely misses you. You block the gnoll sergeant's attack.
The orc barely misses you.
You hit the sleepcap.
The sleepcap is poisoned.
The sleepcap is lightly damaged.
You puncture the sleepcap!
The sleepcap is moderately damaged.
The orc hits you but does no damage.
The gnoll sergeant hits you but does no damage.
The sleepcap releases spores at you but does no damage.
You hit the sleepcap but do no damage.
The sleepcap is moderately damaged.
The orc hits you but does no damage. The sleepcap barely misses you.
The gnoll sergeant hits you from afar with a +0 spear.
* * * LOW HITPOINT WARNING * * *
You hit the sleepcap but do no damage.
The sleepcap is moderately damaged.
The sleepcap barely misses you. You block the orc's attack.
The gnoll sergeant hits you but does no damage.
You hit the sleepcap.
The sleepcap is heavily damaged.
The sleepcap barely misses you. The gnoll sergeant misses you.
The orc closely misses you.
You hit the sleepcap.
The sleepcap is almost destroyed.
The gnoll sergeant hits you from afar with a +0 spear!
You die...

##########
#<........
##.....###
##.###.#
#@f..# #
#.##......
#go.#......
#.#...#.)#.
#. ###...#
.. #.# ...
# #'# ..


You could see a sleepcap (very poisoned), a gnoll sergeant and an orc.

Vanquished Creatures
  The ghost of DemonSlayer the Magician, a novice DsEE (D:4)
  An ogre (D:4)
  A phantom (D:5)
  A hound (D:4)
  A jelly (D:4)
  2 iguanas
  2 orc wizards
  Robin (D:4)
  4 gnolls (D:4)
  5 adders
  3 river rats (D:4)
  A white imp (D:4)
  2 dart slugs
  8 orcs
  11 ball pythons
  10 endoplasms
  7 giant cockroaches
  19 goblins
  4 hobgoblins
  6 jackals
  9 kobolds
  4 quokkas
  3 bats
  2 frilled lizards (D:1)
  2 rats
110 creatures vanquished.

Notes
Turn   | Place    | Note
-------+----------+-------------------------------------------
     0 | D:1      | Sabo the Gargoyle Monk began the quest for the Orb.
     0 | D:1      | Reached XP level 1. HP: 14/14 MP: 1/1
   387 | D:1      | Reached XP level 2. HP: 19/19 MP: 2/2
   670 | D:1      | Found a faded altar of an unknown god.
  1110 | D:2      | Reached XP level 3. HP: 20/24 MP: 3/3
  1194 | D:2      | Reached skill level 1 in Armour
  1712 | D:3      | Found Lugoybeg's Magic Scroll Emporium.
  1722 | D:3      | Bought a scroll of identify for 24 gold pieces
  1917 | D:3      | Reached XP level 4. HP: 29/29 MP: 4/4
  2143 | D:3      | Found Dunoafef's Distillery.
  2202 | D:3      | Found Fyitoole's General Store.
  2294 | D:3      | Reached skill level 1 in Polearms
  2656 | D:4      | Found a bloodstained altar of Trog.
  2899 | D:4      | Reached XP level 5. HP: 24/33 MP: 5/5
  3256 | D:4      | Reached skill level 1 in Shields
  3360 | D:4      | Noticed an ogre
  3368 | D:4      | Killed an ogre
  3369 | D:4      | Reached XP level 6. HP: 25/38 MP: 6/6
  3560 | D:4      | Noticed Robin
  3579 | D:4      | Killed Robin
  3693 | D:4      | Found a runed translucent door.
  3709 | D:4      | Noticed DemonSlayer's ghost (novice DsEE)
  3730 | D:4      | Found a runed translucent door.
  4218 | D:4      | Reached XP level 7. HP: 27/43 MP: 7/7
  4433 | D:4      | Killed DemonSlayer's ghost
  4434 | D:4      | Reached skill level 1 in Stealth
  4607 | D:5      | Entered Level 5 of the Dungeon
  4643 | D:5      | Slain by a gnoll sergeant

Illustrated notes

Levels and vault maps discovered:
D:1:      minmay_arrival_wavy_path, layout_basic, ebering_ecumenical_altar_webs
D:2:      layout_loops_ring
D:3:      layout_loops_ring, serial_shops, nicolae_shop_just_a_little_nook,
          nicolae_shop_crystal, nicolae_shop_industrial_runoff
D:4:      minmay_polygon_palace, layout_loops_corners,
          mainiacjoe_overflow_six_doors_small, ebering_ghost_sewer_f, uniq_robin
D:5:      layout_basic, eat_drink_and_be_merry_uskayaw, solitary_fountain,
          roderic_roman_lattice, minmay_fractal_squares_diagonal_5

Skill      XL: |  1  2  3  4  5  6  7 |
---------------+----------------------+-----
Armour         | 1 2 3 |  3.9
Polearms       | 1 2 3 4 |  4.6
Fighting       | 4 |  4.8
Dodging        | 3 |  3.3
Shields        | 1 2 |  2.8
Stealth        | 1 |  1.2
Short Blades   | |  0.5
Axes           | |  2.9

Action                     |  1- 3 |  4- 6 |  7- 9 || total
---------------------------+-------+-------+-------++-------
  Melee: Hand axe          |     8 |       |       ||     8
         Short sword       |    23 |       |       ||    23
         Spear             |    77 |   151 |    77 ||   305
    Use: Scroll            |     5 |     2 |     1 ||     8
 Armour: Ring mail         |    51 |    63 |    45 ||   159
  Dodge: Dodged            |    73 |    65 |    47 ||   185
  Block: Orb               |       |    29 |    21 ||    50
         Reflection        |       |     3 |     1 ||     4
